 Dungeon Crawl Stone Soup version 0.28.0-45-g0d030f2227 (webtiles) character file.

Game seed: 11188932707112284677

452 101zpm the Chiller (level 6, -5/48 HPs)
             Began as a Draconian Ice Elementalist on Apr 18, 2022.
             Killed by nerve-wracking pain
             ... invoked by Menkaure
              (12 damage)
             ... in an ossuary.
             The game lasted 00:09:25 (5197 turns).

101zpm the Chiller (Draconian Ice Elementalist)     Turns: 5197, Time: 00:09:25

Health: -5/48      AC:  6    Str: 10    XL:     6   Next: 75%
Magic:  10/10      EV: 12    Int: 18    God:
Gold:   38         SH:  0    Dex: 11    Spells: 4/11 levels left

rFire   . . .      SeeInvis .   d - +0 short sword
rCold   . . .      Faith    .   (no shield)
rNeg    . . .      Spirit   .   (armour unavailable)
rPois   .          Reflect  .   (helmet restricted)
rElec   .          Harm     .   (no cloak)
rCorr   .          Rampage  .   (no gloves)
Will    .....                   (no boots)
Stlth   ++........              (no amulet)
HPRegen 0.16/turn               (no ring)
MPRegen 0.12/turn               (no ring)

@: no status effects
A: AC +6, unfitting armour, cold-blooded
a: no special abilities


You were in an ossuary.
You visited 1 branch of the dungeon, and saw 4 of its levels.
You also visited: Ossuary.

You collected 38 gold pieces.

Inventory:

Hand Weapons
 d - a +0 short sword (weapon)
Missiles
 l - 6 atropa-tipped darts
 m - 20 stones
Magical Staves
 n - a staff of earth
Jewellery
 p - a ring of protection from cold
Scrolls
 c - a scroll of immolation {unknown}
 e - a scroll of magic mapping {unknown}
 f - a scroll of holy word {unknown}
 g - 4 scrolls of enchant weapon {unknown}
 h - a scroll of summoning {unknown}
 j - a scroll of fear {unknown}
 o - 2 scrolls of identify {unknown}
Potions
 a - a potion of degeneration {unknown}
 b - a potion of ambrosia {unknown}
 i - 2 potions of mutation {unknown}
 k - a potion of attraction {unknown}


   Skills:
 + Level 1.8 Fighting
 + Level 2.8 Short Blades
 + Level 0.9 Staves
 + Level 2.9 Dodging
 + Level 2.6 Stealth
 + Level 1.4 Unarmed Combat
 + Level 3.1 Spellcasting
 + Level 5.3 Ice Magic


You had 4 spell levels left.
You knew the following spells:

 Your Spells              Type           Power      Damage    Failure   Level
a - Freeze                Ice            84%        1d10      1%          1
b - Frozen Ramparts       Ice            42%        1d6       5%          3
c - Ozocubu's Armour      Ice            21%        N/A       5%          3

Your spell library contained the following spells:

 Spells                   Type           Power      Damage    Failure   Level
 Beastly Appendage        Tmut           4%         N/A       16%         1
 Wereblood                Tmut           2%         N/A       24%         2
 Spider Form              Tmut/Pois      2%         N/A       43%         3
 Hailstorm                Conj/Ice       12%        3d5       47%         4


Dungeon Overview and Level Annotations

Branches:
Dungeon (4/15)            Ossuary (1/1)
 Temple: D:4-7

Altars:

Annotations:
Ossuary Menkaure


Innate Abilities, Weirdness & Mutations

Your plain brown scales are hard. (AC +6)
You cannot fit into any form of body armour.
You are cold-blooded and may be slowed by cold attacks.


Message History

Menkaure is lightly damaged.
You hit Menkaure.
Your tail-slap misses Menkaure.
Menkaure is lightly damaged.
Menkaure hits you. The mummy closely misses you.
You barely miss Menkaure.
Menkaure is lightly damaged.
Menkaure gestures at you while chanting.
Pain shoots through your body! The mummy misses you.
You hit Menkaure.
You tail-slap Menkaure, but do no damage.
Menkaure is moderately damaged.
The mummy hits you.
Menkaure gestures wildly while chanting.
Menkaure seems to speed up.
You hit Menkaure but do no damage.
Menkaure is moderately damaged.
Menkaure gestures at you while chanting.
You barely resist. The mummy closely misses you. x2
You hit Menkaure but do no damage. You tail-slap Menkaure.
Menkaure is heavily damaged.
The mummy hits you! Menkaure hits you!
* * * LOW HITPOINT WARNING * * *
You are too injured to fight recklessly!
You are too injured to fight recklessly!
You are too injured to fight recklessly!
You are too injured to fight recklessly!
You are too injured to fight recklessly!
You are too injured to fight recklessly!
You are too injured to fight recklessly!
You are too injured to fight recklessly!
You are too injured to fight recklessly!
Menkaure calls on the powers of darkness!
Your body is wracked with pain!
* * * LOW HITPOINT WARNING * * *
There is an open door here.
Menkaure barely misses you.
There is an open door here.
Menkaure points at you and mumbles some strange words.
Pain shoots through your body!
You die...

#..#.####......#'.M...####.'..#
#..#.#.........#.........#.#..#
#..'.#....#....#MM..#....'.#..#
#..###....#....#....#....###..#
#..#.#....#....#....#....#.'..#
#..#.####'##'####'########.#..#
#..#...#...#...#...#...#...#..#
#..###'###'###'###'###'#####..#
#..............@.M............#
#∩...........................∩#
###############################


You could see Menkaure (fast).

Vanquished Creatures
  An elf zombie (Ossuary)
  3 centaur zombies (Ossuary)
  A hound (D:4)
  Natasha (thrice) (D:2)
  2 ogre zombies (Ossuary)
  A hound zombie (D:4)
  2 mummies (Ossuary)
  2 adders (D:2)
  6 adder zombies
  2 adder skeletons (D:4)
  A worm (D:2)
  2 dart slugs
  2 ball pythons
  3 bats
  6 endoplasms
  A giant cockroach (D:1)
  2 hobgoblins (D:1)
  3 jackals (D:1)
  4 quokkas (D:2)
  2 goblins (D:2)
  3 goblin zombies (Ossuary)
  4 hobgoblin zombies (Ossuary)
  4 kobolds
  3 kobold zombies (Ossuary)
  An orc zombie (Ossuary)
  4 quokka zombies (Ossuary)
  4 rats
  4 rat zombies (Ossuary)
76 creatures vanquished.

Vanquished Creatures (others)
  2 fungi (D:1)
2 creatures vanquished.

Grand Total: 78 creatures vanquished

Notes
Turn   | Place    | Note
-------+----------+-------------------------------------------
     0 | D:1      | 101zpm the Draconian Ice Elementalist began the quest for
                  | the Orb.
     0 | D:1      | Reached XP level 1. HP: 14/14 MP: 3/3
   294 | D:2      | Reached XP level 2. HP: 20/20 MP: 5/5
   954 | D:2      | Reached XP level 3. HP: 4/26 MP: 4/6
   957 | D:2      | HP: 1/26 [poisoned by an adder]
  1490 | D:2      | Noticed Natasha
  1502 | D:2      | Killed Natasha
  1503 | D:2      | Reached skill level 1 in Unarmed Combat
  1503 | D:2      | Reached XP level 4. HP: 27/33 MP: 7/7
  1623 | D:2      | Noticed Natasha
  1639 | D:2      | Killed Natasha
  2074 | D:2      | Noticed Natasha
  2079 | D:2      | Killed Natasha
  2080 | D:2      | Reached skill level 1 in Short Blades
  2228 | D:1      | Found a faded altar of an unknown god.
  2578 | D:1      | Reached XP level 5. HP: 39/39 MP: 3/8
  2680 | D:1      | You fall into a shaft and drop 1 floor!
  2874 | D:4      | Reached skill level 5 in Ice Magic
  3426 | D:4      | Found a sand-covered staircase.
  3433 | Ossuary  | Entered an ossuary
  3446 | Ossuary  | Reached skill level 1 in Fighting
  3768 | Ossuary  | Learned a level 3 spell: Frozen Ramparts
  3772 | Ossuary  | Learned a level 3 spell: Ozocubu's Armour
  4339 | Ossuary  | HP: 2/40 [elf zombie (2)]
  4345 | Ossuary  | HP: 1/40 [elf zombie (2)]
  4350 | Ossuary  | HP: 1/40 [elf zombie (1)]
  4733 | Ossuary  | Reached XP level 6. HP: 47/47 MP: 10/10
  5178 | Ossuary  | Noticed Menkaure
  5197 | Ossuary  | Killed from afar by Menkaure

Illustrated notes

Levels and vault maps discovered:
D:1:      minmay_arrival_doors, layout_basic, shapermc_ecumenical_altar_gd
D:2:      layout_basic, uniq_natasha
D:3:      layout_basic, overflow_temple_1_default, lemuel_tele_altar,
          kennysheep_generic_room_6
D:4:      layout_basic, lemuel_zombie_altar_yredelemnul, enter_ossuary_4
Ossuary:  ossuary_boxes_badplayer

Skill      XL: |  1  2  3  4  5  6 |
---------------+-------------------+-----
Dodging        | 2 |  2.9
Stealth        | 2 |  2.6
Unarmed Combat | 1 |  1.4
Short Blades   | 1 2 |  2.8
Ice Magic      | 5 |  5.3
Fighting       | 1 |  1.8
Spellcasting   | 3 |  3.1
Staves         | |  0.9

Action                   |  1- 3 |  4- 6 || total
-------------------------+-------+-------++-------
Melee: Unarmed           |    47 |       ||    47
       Tailslap          |    10 |    52 ||    62
       Short sword       |    33 |   176 ||   209
       Staff             |       |    92 ||    92
       Punch             |       |     8 ||     8
 Cast: Freeze            |     8 |    49 ||    57
       Frozen Ramparts   |       |     6 ||     6
       Ozocubu's Armour  |       |     4 ||     4
 Stab: Sleeping          |     1 |     7 ||     8
Armor: Skin              |    22 |   117 ||   139
Dodge: Dodged            |    46 |   153 ||   199
